 Dungeon Crawl Stone Soup version 0.31-a0-95-g6fa058ef04 (webtiles) character file.

Game seed: 7541770519082824458

534 voltaire321 the Chiller (level 7, 0/52 HPs)
             Began as a Merfolk Ice Elementalist on May 25, 2023.
             Slain by Pikel
             ... wielding a +0 whip of freezing
              (7 damage)
             ... on level 4 of the Dungeon.
             The game lasted 00:13:21 (4167 turns).

voltaire321 the Chiller (Merfolk Ice Elementalist)  Turns: 4167, Time: 00:13:22

Health: 0/52       AC:  6    Str: 10    XL:     7   Next: 25%
Magic:  3/12       EV: 13    Int: 15    God:
Gold:   124        SH:  0    Dex: 14    Spells: 5/12 levels left

rFire   + . .        c - +0 halberd
rCold   + . .        (shield currently unavailable)
rNeg    + . .        r - +0 leather armour
rPois   +            p - -2 hat of the Alchemist {rElec rPois rF+ rC+ rN+ Will+ rMut rCorr}
rElec   +            l - +0 cloak
rCorr   +            (no gloves)
SInv    .            (no boots)
Will    ++...        (no amulet)
Stlth   ++           m - ring of willpower
HPRegen 0.28/turn    (no ring)
MPRegen 0.13/turn

%: resist mutation
@: ice-armoured
A: (nimble swimmer 2), mertail
a: no special abilities


You were on level 4 of the Dungeon.
You visited 1 branch of the dungeon, and saw 4 of its levels.

You collected 124 gold pieces.

Inventory:

Hand Weapons
 c - a +0 halberd (weapon)
Missiles
 g - 2 throwing nets
Armour
 a - a +0 robe
 l - a +0 cloak (worn)
 p - the -2 hat of the Alchemist (worn) {rElec rPois rF+ rC+ rN+ Will+ rMut rCorr}
   (You found it on level 3 of the Dungeon)

   rF:        It protects you from fire.
   rC:        It protects you from cold.
   rElec:     It insulates you from electricity.
   rPois:     It protects you from poison.
   rN:        It protects you from negative energy.
   rCorr:     It protects you from acid and corrosion.
   rMut:      It protects you from mutation.
   Will:      It increases your willpower.
 r - a +0 leather armour (worn)
Jewellery
 f - a ring of fire
 h - an amulet of guardian spirit
 m - a ring of willpower (left hand)
Scrolls
 d - a scroll of blinking {unknown}
 e - a scroll of silence {unknown}
 k - a scroll of magic mapping {unknown}
 o - a scroll of amnesia {unknown}
 q - a scroll of poison {unknown}
 t - a scroll of brand weapon {unknown}
Potions
 b - a potion of magic
 i - a potion of ambrosia
 j - a potion of heal wounds {unknown}
 n - a potion of resistance {unknown}
 s - a potion of curing
 u - a potion of berserk rage {unknown}


   Skills:
 + Level 3.1 Fighting
 * Level 2.7 Polearms
 + Level 2.1 Armour
 + Level 4.9 Dodging
 - Level 2.1 Stealth
 + Level 3.4 Spellcasting
 + Level 5.5 Ice Magic


You had 5 spell levels left.
You knew the following spells:

 Your Spells              Type           Power      Damage    Failure   Level
a - Freeze                Ice            76%        1d8       2%          1
b - Frozen Ramparts       Ice            38%        1d6       8%          3
c - Ozocubu's Armour      Ice            19%        N/A       8%          3

Your spell library contained the following spells:

 Spells                   Type           Power      Damage    Failure   Level
 Apportation              Tloc           4%         N/A       26%         1
 Necrotise                Necr           8%         1d4       26%         1
 Summon Small Mammal      Summ           8%         N/A       26%         1
 Summon Ice Beast         Ice/Summ       9%         N/A       67%         4


Dungeon Overview and Level Annotations

Branches:
Dungeon (4/15)             Temple (0/1) D:4

Altars:

Shops:
D:2 (

Annotations:
D:4 Eustachio, Pikel


Innate Abilities, Weirdness & Mutations

((You are very nimble when in or above water. (Stealth+, EV+, Speed+++)))
Your lower body shifts to a powerful aquatic tail in water.


Message History

You closely miss Pikel.
Pikel is severely wounded.
Pikel barely misses you.
Pikel hits you with a +0 whip of freezing.
You barely miss Pikel.
Pikel is severely wounded.
Pikel closely misses you.
You hit Pikel but do no damage.
Pikel is severely wounded.
Pikel hits you but does no damage.
You closely miss Pikel.
Pikel is severely wounded.
Pikel hits you but does no damage. x2
You barely miss Pikel.
Pikel is severely wounded.
Pikel hits you with a +0 whip of freezing!
Pikel freezes you.
You hit Pikel.
Pikel is almost dead.
Pikel hits you with a +0 whip of freezing!
* * * LOW HITPOINT WARNING * * *
Pikel freezes you.
* * * LOW HITPOINT WARNING * * *
You feel better.
Pikel hits you with a +0 whip of freezing!
* * * LOW HITPOINT WARNING * * *
Pikel freezes you.
* * * LOW HITPOINT WARNING * * *
You barely miss Pikel.
Pikel is almost dead.
Pikel hits you with a +0 whip of freezing.
* * * LOW HITPOINT WARNING * * *
Pikel hits you but does no damage.
You hit Pikel but do no damage.
Pikel is almost dead.
Pikel completely misses you.
You closely miss Pikel.
Pikel is almost dead.
Pikel hits you with a +0 whip of freezing!
You die...

..@.....# #....
.K5.....# #.# #....
..g..f..###.# ##....
g........##.###.....
..............#...#.
###.............
#.@...#.......##
####5g.##..#.....##
#.@K55###.#....###
#.###.##....#..####
#.. #.##..###<.....
# #.# ##.##..#
#.####. #...
#.....## #.#
###.#####....## #.#
.........><.## ..#
#.....##...# .##
###......## ##


You could see Eustachio, Pikel, 3 lemures and a gnoll.

Vanquished Creatures
  Sigmund (D:2)
  Crazy Yiuf (D:2)
  A gnoll bouda (D:4)
  2 sleepcaps (D:3)
  Terence (D:2)
  2 iguanas
  Robin (D:3)
  5 gnolls
  4 adders
  2 worms
  A dart slug (D:3)
  4 orcs (D:3)
  4 ball pythons
  5 bats
  5 endoplasms
  8 goblins
  13 hobgoblins
  2 jackals (D:1)
  6 kobolds
  3 quokkas (D:1)
  A frilled lizard (D:2)
  6 rats
78 creatures vanquished.

Notes
Turn   | Place    | Note
-------+----------+-------------------------------------------
     0 | D:1      | voltaire321 the Merfolk Ice Elementalist began the quest
                  | for the Orb.
     0 | D:1      | Reached XP level 1. HP: 13/13 MP: 3/3
   342 | D:1      | Reached XP level 2. HP: 20/20 MP: 5/5
   970 | D:1      | Reached skill level 1 in Fighting
  1145 | D:2      | Reached XP level 3. HP: 23/26 MP: 6/6
  1271 | D:2      | Noticed Sigmund
  1282 | D:2      | Learned a level 3 spell: Frozen Ramparts
  1290 | D:2      | Noticed Terence
  1300 | D:2      | Killed Terence
  1428 | D:2      | Found Sugel's Antique Weapon Boutique.
  1608 | D:2      | Found a runed translucent door.
  1609 | D:2      | Noticed Crazy Yiuf
  1619 | D:2      | Killed Crazy Yiuf
  1620 | D:2      | Reached skill level 1 in Armour
  1620 | D:2      | Reached XP level 4. HP: 8/33 MP: 0/7
  1626 | D:2      | HP: 1/33 [poisoned by Crazy Yiuf]
  1840 | D:2      | Killed Sigmund
  1841 | D:2      | Reached skill level 5 in Ice Magic
  1841 | D:2      | Reached XP level 5. HP: 33/39 MP: 2/9
  1841 | D:2      | Reached XP level 6. HP: 39/46 MP: 2/10
  2166 | D:2      | Learned a level 3 spell: Ozocubu's Armour
  2208 | D:3      | Found the -2 hat of the Alchemist {rElec rPois rF+ rC+ rN+
                  | Will+ rMut rCorr}
  2402 | D:3      | Noticed Robin
  2409 | D:3      | Killed Robin
  2493 | D:3      | Reached skill level 1 in Polearms
  3912 | D:4      | Reached XP level 7. HP: 52/52 MP: 7/12
  4002 | D:4      | Found a staircase to the Ecumenical Temple.
  4135 | D:4      | Noticed Eustachio
  4135 | D:4      | Noticed Pikel
  4167 | D:4      | Slain by Pikel

Illustrated notes

Levels and vault maps discovered:
D:1:      lightli_arrival_statuegarden, layout_loops_corners
D:2:      layout_loops_ring, serial_shops, shop, uniq_sigmund,
          uniq_crazy_yiuf_cottage, uniq_terence
D:3:      layout_loops_ring, hellmonk_no_cap, uniq_robin
D:4:      layout_rooms, led_sif_pool, minmay_temple_entry_wispy, uniq_eustachio,
          uniq_pikel

Skill      XL: |  1  2  3  4  5  6 |
---------------+-------------------+-----
Dodging        | 3 4 |  4.9
Fighting       | 1 2 3 |  3.1
Armour         | 1 2 |  2.1
Spellcasting   | 3 |  3.4
Ice Magic      | 5 |  5.5
Polearms       | 2 |  2.7
Stealth        | |  2.1

Action                     |  1- 3 |  4- 6 |  7- 9 || total
---------------------------+-------+-------+-------++-------
  Melee: Halberd           |    47 |   101 |    33 ||   181
   Cast: Freeze            |    23 |     2 |     1 ||    26
         Frozen Ramparts   |     1 |    18 |     4 ||    23
         Ozocubu's Armour  |       |     2 |     1 ||     3
    Use: Potion            |       |     2 |     1 ||     3
   Stab: Sleeping          |     6 |     5 |     1 ||    12
 Armour: Robe              |     7 |    11 |       ||    18
         Leather armour    |       |     1 |     5 ||     6
  Dodge: Dodged            |    41 |    73 |    16 ||   130

Table legend: (Time is in decaauts)
 A = Elapsed time spent in this place.
 B = Non-inter-level travel time spent in this place.
 C = Inter-level travel time spent in this place.
 D = Time resting spent in this place.
 E = Time spent auto-exploring this place.
 F = Levels seen in this place.
 G = Mean time per level.
                   A        B        C        D        E       F      G
               +--------+--------+--------+--------+--------+-----+--------+
         Total |   4247 |   4181 |     66 |   1423 |   1925 |   4 | 1061.8 |
       Dungeon |   4247 |   4181 |     66 |   1423 |   1925 |   4 | 1061.8 |
               +--------+--------+--------+--------+--------+-----+--------+

Top non-repeatable levels by time:
     D:3: 1715 daAuts
     D:1: 1144 daAuts
     D:2: 1077 daAuts
     D:4: 310 daAuts
